 Dungeon Crawl Stone Soup version 0.29-a0-541-gaf1fc19f1b (webtiles) character file.

Game seed: 16187243904352238324

84193 Flugkiller the Tortoise (level 16, -24/135 (147) HPs)
             Began as a Meteoran Chaos Knight on June 2, 2022.
             Was a Plaything of Xom.
             Hit by a large rock thrown by a cyclops (31 damage)
             ... on level 14 of the Dungeon.
             The game lasted 00:45:47 (9939 turns).

Flugkiller the Tortoise (Meteoran Chaos Knight)     Turns: 9939, Time: 00:45:47

HP:   -24/135 (147) AC: 39    Str: 17      XL:     16   Next: 78%
MP:   23/23         EV: 10    Int: 16 (21) God:    Xom [.*....]
Gold: 62            SH:  0    Dex: 16      Spells: 18/23 levels left

rFire   . . .      SeeInvis +   Z - +9 battleaxe "Loopy" {elec, SInv}
rCold   + . .      Faith    .   (shield currently unavailable)
rNeg    . . .      Spirit   .   J - +10 plate armour of Goilaif {Harm Int+4}
rPois   +          Reflect  .   a - +1 helmet
rElec   .          Harm     +   N - +2 cloak
rCorr   .          Rampage  .   E - +2 pair of gloves
Will    ++...                   F - +2 pair of boots
Stlth   ..........              I - amulet of regeneration
HPRegen 1.12/turn               o - ring of poison resistance
MPRegen 0.18/turn               p - +4 ring of protection

@: glowing, studying Maces & Flails, drained
A: sense surroundings 2, otherworldly, glowing, explore regen, cold resistance
1, deformed body, deterioration 1
a: Renounce Religion


You were on level 14 of the Dungeon.
You worshipped Xom.
You were a plaything of Xom.
You visited 3 branches of the dungeon, and saw 23 of its levels.
You also visited: Sewer.

You collected 1842 gold pieces.
You spent 1780 gold pieces at shops.

Inventory:

Hand Weapons
 r - a +2 broad axe of flaming
   (You took it off a hell knight on level 15 of the Dungeon)
 Z - the +9 battleaxe "Loopy" (weapon) {elec, SInv}
   (You bought it in a shop on level 13 of the Dungeon)

   It occasionally discharges a powerful burst of electricity upon striking a
   foe.
   SInv:      It lets you see invisible.
Missiles
 D - 5 curare-tipped darts (quivered)
Armour
 a - a +1 helmet (worn)
   (You found it on level 10 of the Dungeon)
 A - a +2 robe of cold resistance
   (You took it off Jessica on level 2 of the Dungeon)
 E - a +2 pair of gloves (worn)
   (You found it on level 6 of the Dungeon)
 F - a +2 pair of boots (worn)
   (You found it on level 6 of the Dungeon)
 J - the +10 plate armour of Goilaif (worn) {Harm Int+4}
   (Xom gifted it to you on level 7 of the Dungeon)

   Int:       It affects your intelligence (+4).
   Harm:      It increases damage dealt and taken.
 N - a +2 cloak (worn)
   (You took it off Maurice on level 8 of the Dungeon)
 R - a scarf of resistance
   (You found it on level 6 of the Lair of Beasts)
 Y - a +2 hat
   (You found it on level 13 of the Dungeon)
Magical Staves
 e - a staff of earth
   (You found it on level 1 of the Dungeon)
Jewellery
 f - the amulet of the Four Winds {rN+ Will+++ Clar}
   (You bought it in a shop on level 2 of the Orcish Mines)

   [amulet of nothing]

   rN:        It protects you from negative energy.
   Clar:      It protects you against confusion.
   Will:      It greatly increases your willpower.
 l - a +6 ring of dexterity
   (You found it on level 11 of the Dungeon)
 o - a ring of poison resistance (left hand)
   (You found it on level 5 of the Lair of Beasts)
 p - a +4 ring of protection (right hand)
   (You bought it in a shop on level 2 of the Orcish Mines)
 G - an amulet of the acrobat
   (You found it on level 6 of the Dungeon)
 I - an amulet of regeneration (around neck)
   (You found it on level 14 of the Dungeon)
 W - an amulet of guardian spirit
   (You found it on level 6 of the Lair of Beasts)
Wands
 t - a wand of paralysis (7)
   (You found it on level 15 of the Dungeon)
 B - a wand of charming (22)
   (You found it on level 5 of the Dungeon)
 H - a wand of digging (8)
   (You found it on level 12 of the Dungeon)
 K - a wand of flame (18)
   (You took it off Crazy Yiuf on level 7 of the Dungeon)
 M - a wand of iceblast (3)
   (You took it off Maurice on level 8 of the Dungeon)
Scrolls
 b - 7 scrolls of vulnerability
 m - 8 scrolls of magic mapping
 u - 5 scrolls of poison
 v - a scroll of fog
 P - a scroll of enchant weapon
 S - a scroll of brand weapon {unknown}
 U - a scroll of fear
 V - a scroll of amnesia
 X - a scroll of silence
Potions
 d - 2 potions of might
 g - 6 potions of attraction
 h - 2 potions of haste
 i - 2 potions of berserk rage
 j - a potion of lignification {unknown}
 k - 2 potions of magic
 n - 3 potions of resistance
 q - 5 potions of curing
 s - 5 potions of ambrosia
 x - 3 potions of flight
 C - 4 potions of brilliance
 O - 3 potions of mutation
 Q - a potion of cancellation {unknown}
Miscellaneous
 c - a piece from Xom's chessboard (15/15)
 L - a phial of floods
   (You found it on level 1 of the Lair of Beasts)


   Skills:
 - Level 14.6 Fighting
 + Level 7.0(10.7) Axes
 - Level 13.7(14.5) Maces & Flails
 - Level 15.0 Armour
 - Level 8.7 Dodging
 - Level 12.1 Unarmed Combat
 - Level 4.0 Spellcasting
 - Level 13.9 Transmutations
 - Level 10.0 Evocations


You had 18 spell levels left.
You knew the following spells:

 Your Spells              Type           Power      Damage    Failure   Level
a - Blade Hands           Tmut           23%        N/A       26%         5

Your spell library contained the following spells:

 Spells                   Type           Power      Damage    Failure   Level
 Ignite Poison            Fire/Tmut/Pois 18%        N/A       77%         3
 Petrify                  Tmut/Erth      25%        N/A       85%         4
 Apportation              Tloc           6%         N/A       95%         1
 Necrotize                Necr           12%        1d4       95%         1
 Summon Small Mammal      Summ           12%        N/A       95%         1
 Alistair's Intoxication  Tmut/Pois      16%        N/A       99%         5
 Call Canine Familiar     Summ           3%         N/A       100%        3
 Conjure Flame            Conj/Fire      3%         6-21      100%        3
 Portal Projectile        Hex/Tloc       6%         N/A       100%        3
 Summon Guardian Golem    Hex/Summ       3%         N/A       100%        3
 Tukima's Dance           Hex            3%         N/A       100%        3
 Animate Armour           Summ/Erth      6%         N/A       100%        4
 Leda's Liquefaction      Hex/Erth       1%         N/A       100%        4
 Sticky Flame             Conj/Fire      3%         2d3       100%        4
 Borgnjor's Vile Clutch   Necr/Erth      1%         N/A       100%        5
 Lee's Rapid Deconstruct  Erth           1%         3d5*      100%        5
 Metabolic Englaciation   Hex/Ice        1%         N/A       100%        5
 Eringya's Noxious Bog    Tmut/Pois      12%        N/A       100%        6
 Iron Shot                Conj/Erth      1%         9d1       100%        6
 Statue Form              Tmut/Erth      16%        N/A       100%        6
 Orb of Destruction       Conj           1%         9d5       100%        7
 Spellforged Servitor     Conj/Summ      1%         N/A       100%        7


Dungeon Overview and Level Annotations

Branches:
Dungeon (15/15)            Temple (0/1) D:5            Lair (6/6) D:9
 Shoals (0/4) Lair:3       Spider (0/4) Lair:4        Slime (0/5) Lair:5
    Orc (2/2) D:12            Elf (0/3) Orc:2        Vaults (0/5) D:14
  Sewer (visited)
 Depths: D:15

Altars:
Gozag
Makhleb
Okawaru
Uskayaw
Xom

Shops:
D:5 [   D:13 (   Orc:2 (=?(

Annotations:
D:11 3 runed translucent doors, Tonnatak's ghost, journeyman GnWn
D:15 exclusion: obsidian statue
Lair:3 1 transporter
Orc:2 Saint Roka


Innate Abilities, Weirdness & Mutations

You passively map the area around you.
You are easily found by Zot.
You glow in the dark.
You regain HP and MP as you explore.
Your flesh is cold resistant. (rC+)
Armour fits poorly on your strangely shaped body.
Your body sometimes deteriorates upon taking damage.


Message History

The cyclops shouts!
The cyan ugly thing gurgles horribly!
The cyan ugly thing basks in the mutagenic energy from its kin and changes!
The cyclops throws a large rock.
The large rock hits you but does no damage.
The cyan ugly thing basks in the mutagenic energy from its kin and changes!
The cyclops throws a large rock.
The large rock barely misses you.
Found 8 gold pieces.
The cyan ugly thing tail-slaps you but does no damage.
The cyan ugly thing basks in the mutagenic energy from its kin and changes!
The cyan ugly thing attacks as you move away!
The cyan ugly thing tail-slaps you. The cyan ugly thing shocks you!
Found a spear.
There is a stone staircase leading up here.
You hit the cyan ugly thing.
The cyan ugly thing is lightly wounded.
The cyan ugly thing tail-slaps you. The cyan ugly thing shocks you!
You closely miss the cyan ugly thing.
The cyan ugly thing is lightly wounded.
The cyclops throws a large rock.
The large rock hits you but does no damage.
You hit the brown ugly thing but do no damage.
Lightning courses through the brown ugly thing!!
The brown ugly thing is heavily wounded.
The purple ugly thing basks in the mutagenic energy from its kin and changes!
The brown ugly thing stings you but does no damage.
You hit the brown ugly thing.
Lightning courses through the brown ugly thing!
The brown ugly thing is severely wounded.
You slash the cyan ugly thing!
The purple ugly thing basks in the mutagenic energy from its kin and changes!
The cyan ugly thing tail-slaps you. The cyan ugly thing shocks you!
The brown ugly thing stings you but does no damage.
The cyan ugly thing tail-slaps you but does no damage.
You hit the brown ugly thing.
The brown ugly thing is almost dead.
You closely miss the brown ugly thing. You barely miss the cyan ugly thing.
The brown ugly thing pecks you but does no damage.
The brown ugly thing closely misses you.
The cyan ugly thing tail-slaps you but does no damage.
You slash the brown ugly thing!
You kill the brown ugly thing!
You slash the cyan ugly thing! You slash the cyclops!
You barely miss the brown ugly thing. You hit the brown ugly thing.
Lightning courses through the brown ugly thing!
The brown ugly thing basks in the mutagenic energy from its kin and changes!
The brown ugly thing headbutts you but does no damage.
The cyan ugly thing tail-slaps you but does no damage.
The cyclops closely misses you.
The brown ugly thing headbutts you but does no damage.
The cyan ugly thing tail-slaps you but does no damage.
The cyclops hits you!!
You climb upwards.
There is a stone staircase leading down here.
You are too injured to fight recklessly!
You are too injured to fight recklessly!
You are too injured to fight recklessly!
You barely miss the cyclops.
The cyclops is moderately wounded.
You closely miss the cyan ugly thing. You hit the purple ugly thing.
Lightning courses through the purple ugly thing!
You slash the brown ugly thing!
The brown ugly thing headbutts you but does no damage.
The cyan ugly thing tail-slaps you but does no damage.
The purple ugly thing trunk-slaps you but does no damage.
The cyclops hits you but does no damage.
You hit the cyclops.
The cyclops is heavily wounded.
You barely miss the brown ugly thing. You slice the purple ugly thing!!
Lightning courses through the purple ugly thing!!
You kill the purple ugly thing!
You completely miss the cyan ugly thing.
The brown ugly thing headbutts you but does no damage.
The cyan ugly thing misses you. The brown ugly thing headbutts you.
You are splashed with acid!
You slice the cyclops!!
The cyclops is almost dead.
You hit the brown ugly thing. You slice the cyan ugly thing!!
The cyan ugly thing tail-slaps you but does no damage.
The cyclops hits you but does no damage.
The brown ugly thing headbutts you!
You are splashed with acid!
* * * LOW HITPOINT WARNING * * *
The cyan ugly thing tail-slaps you.
* * * LOW HITPOINT WARNING * * *
The cyan ugly thing shocks you!
* * * LOW HITPOINT WARNING * * *
The brown ugly thing headbutts you.
* * * LOW HITPOINT WARNING * * *
You are splashed with acid!
* * * LOW HITPOINT WARNING * * *
You slice the brown ugly thing!!
You kill the brown ugly thing!
Your base Axes skill increases to level 7!
You slash the cyan ugly thing!
The cyan ugly thing is almost dead.
The cyan ugly thing tail-slaps you but does no damage.
You slash the cyan ugly thing!
You kill the cyan ugly thing!
The cyclops throws a large rock.
The large rock hits you!!
You die...
Xom howls with laughter!

######### #.......#
#.#####.####** ** *
#.#.., , , , ,#####.#.#
########
#,#..@†.#.#####.......
#.#.###C.....<........
....≈≈................
....≈≈≈≈.#######.######
#....≈≈≈≈≈## #B#
#....≈≈≈≈≈≈######○# # #
...≈≈≈≈≈≈##.....# #≈
≈≈≈≈≈≈≈≈≈##.....# *#≈≈
.≈≈≈≈≈≈≈≈##.....# #≈≈≈


You could see a cyclops.

Vanquished Creatures
  An orc warlord (Orc:1)
  An emperor scorpion (D:13)
  An ironbound preserver (D:14)
  Fannar (D:11)
  A fire dragon (Lair:6)
  Harold (Lair:2)
  7 boulder beetles
  7 hydras
  3 centaur warriors
  A catoblepas (Lair:6)
  3 two-headed ogres
  5 orc high priests (Orc:2)
  2 tengu warriors
  A hell knight (D:15)
  A sixfirhy (D:15)
  Nergalle (D:12)
  A sun demon (D:15)
  A soul eater (D:15)
  Lodul (D:14)
  6 orc knights
  A lindwurm (Lair:6)
  A deep elf pyromancer (D:14)
  A harpy (shapeshifter) (D:12)
  6 ugly things
  4 orc sorcerers
  3 manticores
  A salamander (shapeshifter) (D:11)
  A merfolk siren (Lair:3)
  3 cyclopes
  Maurice (D:8)
  A rust devil (D:15)
  3 molten gargoyles (Lair:6)
  7 black mambas
  11 elephants
  8 cane toads
  A rime drake (Lair:3)
  12 komodo dragons
  2 efreet
  A freezing wraith (D:11)
  A hellwing (D:15)
  A red devil (D:15)
  4 trolls
  3 polar bears
  12 blink frogs
  A blink frog (shapeshifter) (D:14)
  14 dream sheep (Lair:6)
  6 slime creatures
  3 wyverns
  3 basilisks
  2 wraiths
  41 yaks
  A water elemental (D:14)
  4 shadows
  Grum (D:8)
  A fire elemental (D:14)
  2 steam dragons
  13 vampire mosquitoes
  8 wargs
  13 water moccasins
  An acid dragon (D:11)
  3 hell hounds (Lair:6)
  47 orc warriors
  An ice beast (Lair:3)
  A black bear (D:6)
  7 boggarts (D:15)
  12 wolves
  16 ogres
  A phantom (D:5)
  5 centaurs
  10 bullfrogs
  A kobold brigand (D:9)
  2 scorpions
  2 gnoll sergeants
  4 wights
  6 electric eels (D:14)
  A howler monkey (D:7)
  A crimson imp (D:7)
  5 lava snakes (Lair:6)
  Crazy Yiuf (D:7)
  5 hounds
  27 orc priests
  A jelly (D:6)
  2 gnoll shamans
  Jessica (D:2)
  Terence (D:2)
  13 orc wizards
  4 iguanas
  4 hell rats (Lair:3)
  10 adders
  20 gnolls
  4 river rats (Sewer)
  A shadow imp (D:6)
  2 white imps
  2 ufetubi
  A worm (D:2)
  2 dart slugs
  83 orcs
  5 endoplasms
  4 giant cockroaches (D:3)
  7 goblins
  4 hobgoblins
  7 quokkas
  9 ball pythons
  8 bats
  9 frilled lizards
  11 kobolds
  7 rats
629 creatures vanquished.

Vanquished Creatures (collateral kills)
  2 orc knights (Orc:2)
  An elephant (Lair:3)
  A troll (Orc:2)
  A polar bear (Lair:6)
  A blink frog (D:10)
  Sigmund (D:2)
  4 yaks
  An orc warrior (Orc:2)
  A black bear (D:8)
  An ogre (Orc:2)
  3 wights (D:10)
  2 orc priests
  A jelly (D:8)
  2 orc wizards
  A shadow imp (D:8)
  3 orcs
26 creatures vanquished.

Vanquished Creatures (others)
  2 dancing weapons
  A hell knight (D:15)
  A sixfirhy (D:15)
  An orc knight (Orc:2)
  2 komodo dragons (Lair:6)
  A chaos spawn (D:15)
  A boggart (D:15)
  A centaur (D:10)
  An orc (Orc:2)
  10 fungi
  12 plants
33 creatures vanquished.

Grand Total: 688 creatures vanquished

Notes
Turn   | Place    | Note
-------+----------+-------------------------------------------
     0 | D:1      | Flugkiller the Meteoran Chaos Knight began the quest for
                  | the Orb.
     0 | D:1      | Reached XP level 1. HP: 19/19 MP: 2/2
    16 | D:1      | XOM: silly message
    37 | D:1      | XOM: potion effect (brilliance)
    39 | D:1      | XOM: potion effect (haste)
    50 | D:1      | Reached XP level 2. HP: 25/27 MP: 3/3
    72 | D:1      | Reached XP level 3. HP: 27/33 MP: 4/4
   183 | D:1      | XOM: potion effect (heal wounds)
   218 | D:1      | Found a faded altar of an unknown god.
   242 | D:2      | Reached skill level 5 in Fighting
   242 | D:2      | Reached XP level 4. HP: 42/42 MP: 5/5
   279 | D:2      | Noticed Terence
   286 | D:2      | XOM: potion effect (might)
   293 | D:2      | XOM: blink monster(s)
   296 | D:2      | XOM: butterfly on damage
   471 | D:2      | Noticed Sigmund
   612 | D:2      | Killed Terence
   613 | D:2      | Reached XP level 5. HP: 21/50 MP: 6/6
   655 | D:2      | XOM: stat loss: -1 Int (12/13)
   692 | D:2      | Killed Sigmund
   693 | D:2      | Reached skill level 5 in Maces & Flails
   693 | D:2      | Reached XP level 6. HP: 38/57 MP: 7/7
   757 | D:3      | Found a glowing drain.
   772 | Sewer    | Entered a sewer
   825 | Sewer    | Reached XP level 7. HP: 61/63 MP: 8/8
   838 | Sewer    | XOM: noise
   907 | Sewer    | XOM: noise
   961 | Sewer    | XOM: silly message
  1092 | D:3      | Reached skill level 3 in Armour
  1155 | D:4      | XOM: scenery: create altars
  1248 | D:3      | Found a shimmering altar of Xom.
  1286 | D:3      | Learned a level 5 spell: Blade Hands
  1312 | D:2      | Noticed Jessica
  1316 | D:2      | Killed Jessica
  1331 | D:3      | XOM: summons 1 hostile demon
  1365 | D:4      | XOM: swap monsters
  1382 | D:4      | XOM: give mutations
  1382 | D:4      | Gained mutation: Armour fits poorly on your strangely
                  | shaped body. [Xom's mischief]
  1382 | D:4      | Gained mutation: Your magical capacity is low. (-10% MP)
                  | [Xom's mischief]
  1382 | D:4      | Lost mutation: Your magical capacity is low. (-10% MP)
                  | [Xom's mischief]
  1403 | D:4      | XOM: 5-stop teleportation journey
  1485 | D:4      | Reached skill level 1 in Transmutations
  1498 | D:4      | Reached skill level 1 in Unarmed Combat
  1498 | D:4      | Reached skill level 1 in Spellcasting
  1506 | D:4      | XOM: give mutation
  1506 | D:4      | Gained mutation: Your body sometimes deteriorates upon
                  | taking damage. [Xom's mischief]
  1531 | D:5      | Entered Level 5 of the Dungeon
  1544 | D:5      | Found a staircase to the Ecumenical Temple.
  1587 | D:5      | XOM: smoke on damage
  1593 | D:5      | Reached XP level 8. HP: 65/71 MP: 9/11
  1660 | D:5      | XOM: smoke on damage
  1662 | D:5      | XOM: blink monster(s)
  1672 | D:5      | Found Agaymas's Antique Armour Shoppe.
  1726 | D:5      | XOM: noise
  1728 | D:5      | XOM: confuse monster(s)
  2040 | D:6      | XOM: 1-stop teleportation journey
  2052 | D:6      | XOM: scenery: 1 doors open, 1 doors close
  2060 | D:6      | XOM: scenery: create altars
  2082 | D:6      | Gained mutation: You passively map the area around you.
                  | [Meteoran growth]
  2082 | D:6      | Reached XP level 9. HP: 35/78 MP: 16/16
  2092 | D:6      | XOM: fog
  2095 | D:6      | XOM: 1-stop teleportation journey
  2275 | D:7      | Found a burning altar of Makhleb.
  2313 | D:7      | XOM: cast spell 'Leda's Liquefaction'
  2320 | D:7      | Reached skill level 5 in Unarmed Combat
  2320 | D:7      | Reached skill level 5 in Transmutations
  2320 | D:7      | XOM: 2-stop teleportation journey
  2329 | D:7      | Found a runed translucent door.
  2330 | D:7      | Noticed Crazy Yiuf
  2344 | D:7      | Killed Crazy Yiuf
  2412 | D:7      | XOM: god gift: crude plate armour {god gift}
  2412 | D:7      | Identified the +10 plate armour of Goilaif {Harm Int+4}
                  | (Xom gifted it to you on level 7 of the Dungeon)
  2426 | D:7      | XOM: summons 4 hostile demons
  2628 | D:8      | Noticed Grum
  2632 | D:8      | XOM: summons 9 friendly demons
  2633 | D:8      | XOM: summons friendly crimson imp
  2638 | D:7      | Reached skill level 4 in Armour
  2638 | D:7      | XOM: cast spell 'Leda's Liquefaction'
  2669 | D:7      | Reached skill level 5 in Armour
  2685 | D:8      | XOM: swap monsters
  2688 | D:8      | Killed Grum
  2702 | D:8      | Identified a scroll of acquirement
  2712 | D:8      | XOM: 2-stop teleportation journey
  2730 | D:8      | XOM: summons 6 friendly demons
  2750 | D:8      | Reached XP level 10. HP: 91/91 MP: 17/17
  2754 | D:8      | Noticed Maurice
  2766 | D:8      | Killed Maurice
  2767 | D:8      | Reached skill level 10 in Fighting
  2877 | D:8      | XOM: cloud trail
  2898 | D:8      | Found an opulent altar of Gozag.
  2948 | D:8      | XOM: enchant monster (good)
  3010 | D:8      | XOM: scenery: create altars
  3225 | D:10     | Entered Level 10 of the Dungeon
  3233 | D:10     | XOM: polymorph yak -> blink frog
  3266 | D:10     | Acquired a manual of Maces & Flails
  3557 | D:11     | XOM: god gift: 15 gold pieces
  3610 | D:11     | Noticed a six-headed hydra
  3611 | D:11     | Noticed Fannar
  3617 | D:11     | Killed a six-headed hydra
  3617 | D:11     | XOM: destruction
  3618 | D:11     | Reached skill level 10 in Maces & Flails
  3618 | D:11     | Reached XP level 11. HP: 52/99 MP: 18/18
  3624 | D:11     | Noticed a cyclops
  3636 | D:11     | Noticed a two-headed ogre
  3646 | D:11     | Killed a two-headed ogre
  3647 | D:11     | Reached skill level 6 in Armour
  3699 | D:11     | Noticed a manticore
  3710 | D:11     | Killed a manticore
  3711 | D:11     | Reached skill level 7 in Armour
  3733 | D:11     | XOM: enchant monster (good)
  3738 | D:11     | Killed Fannar
  3739 | D:11     | Reached skill level 8 in Armour
  3756 | D:11     | XOM: enchant monster (good)
  3768 | D:11     | Killed a cyclops
  3808 | D:11     | Noticed a two-headed ogre
  3812 | D:11     | XOM: scenery: create altars
  3814 | D:11     | Noticed an elephant
  3814 | D:11     | a two-headed ogre changed into an elephant
  3814 | D:11     | XOM: polymorph two-headed ogre -> elephant
  3817 | D:11     | Killed an elephant
  3828 | D:11     | XOM: god gift: glowing scarf {god gift}
  3830 | D:11     | Noticed a boulder beetle
  3836 | D:11     | XOM: butterfly on damage
  3884 | D:11     | Killed a boulder beetle
  3885 | D:11     | Reached skill level 9 in Armour
  3947 | D:11     | Noticed a salamander
  3949 | D:11     | XOM: god gift: scroll of blinking
  3952 | D:11     | Killed a salamander
  3981 | D:11     | Noticed Tonnatak's ghost (journeyman GnWn)
  3982 | D:11     | Noticed a minotaur
  3984 | D:11     | Noticed a four-headed hydra
  4002 | D:11     | Found a runed translucent gate.
  4002 | D:11     | Found a runed translucent gate.
  4002 | D:11     | Found a runed translucent gate.
  4063 | D:11     | XOM: noise
  4087 | D:11     | Noticed a tengu warrior
  4115 | D:11     | Killed a tengu warrior
  4116 | D:11     | Reached skill level 10 in Armour
  4116 | D:11     | Reached XP level 12. HP: 41/106 MP: 19/19
  4130 | D:11     | Reached skill level 11 in Armour
  4253 | D:11     | XOM: 2-stop teleportation journey
  4360 | D:10     | XOM: give mutations
  4360 | D:10     | Gained mutation: You sometimes lose the ability to read
                  | scrolls when taking damage. [Xom's mischief]
  4360 | D:10     | Gained mutation: You are frail. (-10% HP) [Xom's mischief]
  4360 | D:10     | Gained mutation: Your flesh is heat resistant. (rF+) [Xom's
                  | mischief]
  4543 | D:9      | Found a staircase to the Lair.
  4550 | Lair:1   | Entered Level 1 of the Lair of Beasts
  4555 | Lair:1   | Lost mutation: Your body sometimes deteriorates upon taking
                  | damage. [potion of mutation]
  4555 | Lair:1   | Lost mutation: You sometimes lose the ability to read
                  | scrolls when taking damage. [potion of mutation]
  4555 | Lair:1   | Gained mutation: You are very frail. (-20% HP) [potion of
                  | mutation]
  4555 | Lair:1   | Gained mutation: Your spells are a little harder to cast,
                  | but a little more powerful. [potion of mutation]
  4555 | Lair:1   | Gained mutation: You occasionally shout uncontrollably at
                  | your foes. [potion of mutation]
  4556 | Lair:1   | Lost mutation: You occasionally shout uncontrollably at
                  | your foes. [potion of mutation]
  4556 | Lair:1   | Lost mutation: You are very frail. (-20% HP) [potion of
                  | mutation]
  4556 | Lair:1   | Lost mutation: Your spells are a little harder to cast, but
                  | a little more powerful. [potion of mutation]
  4556 | Lair:1   | Gained mutation: You sometimes lose the ability to read
                  | scrolls when taking damage. [potion of mutation]
  4557 | Lair:1   | Lost mutation: Armour fits poorly on your strangely shaped
                  | body. [potion of mutation]
  4557 | Lair:1   | Lost mutation: You are frail. (-10% HP) [potion of
                  | mutation]
  4557 | Lair:1   | Gained mutation: Your magical capacity is low. (-10% MP)
                  | [potion of mutation]
  4557 | Lair:1   | Lost mutation: Your magical capacity is low. (-10% MP)
                  | [potion of mutation]
  4557 | Lair:1   | Lost mutation: You sometimes lose the ability to read
                  | scrolls when taking damage. [potion of mutation]
  4564 | Lair:1   | XOM: potion effect (haste)
  4570 | Lair:1   | XOM: silly message
  4640 | Lair:1   | XOM: confuse monster(s)
  4761 | Lair:2   | XOM: divination: detect creatures
  4768 | Lair:2   | XOM: silly message
  4769 | Lair:2   | XOM: enchant monster (bad)
  4800 | Lair:2   | Noticed a boulder beetle
  4800 | Lair:2   | Noticed Harold
  4811 | Lair:2   | Killed Harold
  4815 | Lair:2   | XOM: confuse monster(s)
  4823 | Lair:2   | Killed a boulder beetle
  4915 | Lair:3   | XOM: cast spell 'Summon Ice Beast'
  4940 | Lair:3   | Reached XP level 13. HP: 83/122 MP: 20/20
  4985 | Lair:3   | Reached skill level 1 in Evocations
  5029 | Lair:3   | Found a transporter.
  5066 | Lair:3   | Reached skill level 5 in Evocations
  5082 | Lair:3   | XOM: polymorph wolf -> ice beast
  5083 | Lair:3   | XOM: confuse monster(s)
  5123 | Lair:3   | Found a staircase to the Shoals.
  5160 | Lair:3   | XOM: fog
  5165 | Lair:3   | XOM: confusion (+ monsters)
  5181 | Lair:3   | XOM: summons friendly crimson imp
  5188 | Lair:3   | XOM: blink monster(s)
  5189 | Lair:3   | XOM: god gift: potion of mutation
  5241 | Lair:2   | XOM: enchant monster (good)
  5250 | Lair:2   | XOM: fake destruction
  5375 | Lair:4   | XOM: stealth player
  5523 | Lair:5   | Reached skill level 12 in Armour
  5523 | Lair:5   | Reached skill level 5 in Dodging
  5575 | Lair:6   | Entered Level 6 of the Lair of Beasts
  5632 | Lair:6   | XOM: summons friendly shadow imp
  5637 | Lair:6   | XOM: silly message
  5666 | Lair:6   | Reached skill level 13 in Armour
  5718 | Lair:6   | XOM: scenery: summon butterflies
  5720 | Lair:6   | Reached XP level 14. HP: 120/132 MP: 21/21
  5734 | Lair:6   | XOM: cleaving
  5811 | Lair:6   | XOM: confuse monster(s)
  5877 | Lair:6   | XOM: confuse monster(s)
  6032 | Lair:5   | You fall into a shaft and drop 1 floor!
  6162 | Lair:6   | XOM: 3-stop teleportation journey
  6184 | Lair:6   | XOM: confuse monster(s)
  6197 | Lair:6   | Reached skill level 10 in Transmutations
  6211 | Lair:6   | XOM: give mutations
  6211 | Lair:6   | Lost mutation: Your flesh is heat resistant. (rF+) [Xom's
                  | mischief]
  6211 | Lair:6   | Gained mutation: Your body sometimes deteriorates upon
                  | taking damage. [Xom's mischief]
  6211 | Lair:6   | Gained mutation: Armour fits poorly on your strangely
                  | shaped body. [Xom's mischief]
  6225 | Lair:6   | XOM: smoke on damage
  6242 | Lair:6   | XOM: divine lightning
  6247 | Lair:6   | XOM: destruction
  6248 | Lair:6   | XOM: 2-stop teleportation journey
  6320 | Lair:6   | Noticed a fire dragon
  6326 | Lair:6   | Found a large runed translucent door.
  6380 | Lair:6   | Found a large runed translucent door.
  6394 | Lair:6   | XOM: god gift: 28 stones
  6400 | Lair:6   | XOM: summons friendly ufetubus
  6408 | Lair:6   | Killed a fire dragon
  6641 | Lair:4   | XOM: cloud trail
  6683 | Lair:3   | You fall into a shaft and drop 3 floors!
  6699 | Lair:6   | XOM: summons 14 friendly demons
  6807 | Lair:4   | Found a hole to the Spider Nest.
  6819 | Lair:4   | XOM: god gift: 44 gold pieces
  7281 | D:12     | XOM: summons 14 friendly demons
  7290 | D:12     | XOM: enchant monster (good)
  7337 | D:12     | Reached XP level 15. HP: 104/138 MP: 16/22
  7404 | D:12     | XOM: noise
  7437 | D:12     | XOM: chaos cloud
  7438 | D:12     | HP: 5/138 [orc priest/divine providence (16)]
  7444 | D:12     | HP: 3/138 [red ugly thing (9)]
  7444 | D:12     | XOM: confuse monster(s)
  7475 | D:12     | Noticed Nergalle
  7494 | D:12     | Killed Nergalle
  7512 | D:12     | XOM: summons 15 friendly demons
  7530 | D:12     | Found a staircase to the Orcish Mines.
  7570 | D:12     | Reached skill level 10 in Evocations
  7577 | Orc:1    | Entered Level 1 of the Orcish Mines
  7580 | Orc:1    | XOM: cast spell 'Chain of Chaos'
  7584 | Orc:1    | XOM: confuse monster(s)
  7629 | D:12     | XOM: scenery: create altars
  7687 | D:12     | XOM: divination: detect items
  7739 | Orc:1    | XOM: divination: detect items
  7752 | D:12     | XOM: cleaving
  7836 | Orc:1    | Reached skill level 10 in Unarmed Combat
  7858 | Orc:1    | Noticed an orc warlord
  7864 | Orc:1    | Killed an orc warlord
  7874 | Orc:1    | XOM: cleaving
  7906 | Orc:1    | Found an iron altar of Okawaru.
  7961 | Orc:2    | Entered Level 2 of the Orcish Mines
  8000 | Orc:1    | XOM: scenery: create altars
  8040 | Orc:1    | XOM: enchant monster (good)
  8073 | Orc:1    | You fall into a shaft and drop 1 floor!
  8073 | Orc:2    | Found a staircase to the Elven Halls.
  8083 | Orc:2    | XOM: cloud trail
  8100 | Orc:2    | XOM: god gift: 4 javelins
  8106 | Orc:2    | XOM: summons 11 friendly demons
  8326 | Orc:2    | Noticed Saint Roka
  8329 | Orc:2    | XOM: enchant monster (good)
  8334 | Orc:2    | XOM: potion effect (might)
  8339 | Orc:2    | XOM: silly message
  8344 | Orc:2    | XOM: enchant monster (good)
  8418 | Orc:2    | Reached skill level 14 in Armour
  8427 | Orc:2    | XOM: draining
  8437 | Orc:2    | XOM: chaos upgrade
  8440 | Orc:2    | XOM: swap monsters
  8444 | Orc:2    | XOM: cast spell 'Summon Hydra'
  8506 | Orc:2    | Noticed an orc warlord
  8615 | Orc:2    | XOM: summons 1 hostile shadow creature
  8616 | Orc:2    | XOM: summons 2 hostile shadow creatures
  8661 | Orc:2    | Found Xaosuf's Jewellery Shoppe.
  8661 | Orc:2    | Found Ytuh Cic's Antique Weapon Shoppe.
  8662 | Orc:2    | Found Jaetrago's Antique Weapon Shoppe.
  8662 | Orc:2    | Found Looher's Magic Scroll Emporium.
  8672 | Orc:2    | Bought 2 scrolls of teleportation for 78 gold pieces
  8672 | Orc:2    | Bought a scroll of blinking for 97 gold pieces
  8672 | Orc:2    | Bought a scroll of enchant armour for 97 gold pieces
  8677 | Orc:2    | Bought the amulet of the Four Winds {rN+ Will+++ Clar} for
                  | 658 gold pieces
  8677 | Orc:2    | Found the amulet of the Four Winds {rN+ Will+++ Clar}
  8677 | Orc:2    | Bought a +4 ring of protection for 540 gold pieces
  8697 | Orc:2    | XOM: swap monsters
  8709 | Orc:1    | Reached XP level 16. HP: 73/143 MP: 23/23
  8787 | D:13     | Found Maileos's Antique Weapon Emporium.
  8846 | D:13     | XOM: cleaving
  8847 | D:13     | Noticed an emperor scorpion
  8847 | D:13     | a seven-headed hydra changed into an emperor scorpion
  8847 | D:13     | XOM: polymorph seven-headed hydra -> emperor scorpion
  8875 | D:13     | Killed an emperor scorpion
  8968 | D:14     | XOM: 1-stop teleportation journey
  8979 | D:14     | XOM: confuse monster(s)
  8983 | D:14     | XOM: divination: detect items
  9155 | D:13     | XOM: destruction
  9179 | D:13     | XOM: divination: magic mapping
  9301 | D:13     | XOM: stat loss: -1 Dex (15/16)
  9318 | D:13     | Bought an ichor-stained battleaxe for 310 gold pieces
  9318 | D:13     | Identified the +9 battleaxe "Loopy" {elec, SInv} (You
                  | bought it in a shop on level 13 of the Dungeon)
  9326 | D:14     | Noticed Lodul
  9333 | D:14     | Killed Lodul
  9349 | D:14     | Found a hide-covered altar of Uskayaw.
  9509 | D:14     | Found a gate to the Vaults.
  9536 | D:14     | Reached skill level 5 in Axes
  9552 | D:14     | Reached skill level 15 in Armour
  9588 | D:15     | Entered Level 15 of the Dungeon
  9595 | D:15     | XOM: confusion
  9755 | D:15     | Found a burning altar of Makhleb.
  9763 | D:15     | Gained mutation: Your flesh is cold resistant. (rC+) [a
                  | neqoxec]
  9764 | D:15     | XOM: summons friendly white imp
  9769 | D:15     | XOM: confuse monster(s)
  9782 | D:15     | XOM: silly message
  9792 | D:15     | HP: 4/126 [hellwing (8)]
  9798 | D:15     | HP: 4/126 [ice devil (9)]
  9813 | D:15     | XOM: confuse monster(s)
  9884 | D:15     | XOM: divination: detect items
  9935 | D:14     | HP: 2/134 [acid (8)]
  9939 | D:14     | Hit by a large rock thrown by a cyclops

Illustrated notes

Levels and vault maps discovered:
D:1:      pf_arrival_petrified_forest, layout_basic,
          hellmonk_ecumenical_altar_heavens_door, minmay_misc_feat_ornament
D:2:      layout_basic, st_stairs_14, minmay_tetromino_t2, uniq_terence,
          uniq_jessica, uniq_sigmund
D:3:      layout_rooms, mainiacjoe_overflow_catwalk, gup_sewer_entry_pipe
D:4:      layout_rooms, nrook_mini_vaults, dreamdust_gnoll_farm
D:5:      layout_rooms, kennysheep_mini_moat,
          minmay_temple_entry_statues_fountains, serial_shops,
          nicolae_shop_waterfront
D:6:      layout_basic
D:7:      layout_loops_ring, makhleb_grotto_becter,
          chequers_serial_rivers_room_a, uniq_crazy_yiuf_cottage
D:8:      layout_rooms, kennysheep_little_box, uniq_grum, uniq_maurice
D:9:      layout_roguey, lair_entry_dummy
D:10:     layout_long_grid, nicolae_figureground_sparkle
D:11:     minmay_inside_and_out, layout_basic, maelrawn_ghost_gauntlet_escape,
          uniq_fannar
D:12:     layout_basic, erik_orc_4, minmay_stone_trees_medium, st_stairs_9,
          uniq_nergalle
D:13:     layout_long_grid, serial_shops, shop
D:14:     layout_basic, skrybe_vaults_entry_preservation,
          nicolae_uskayaw_suspiria, uniq_lodul
D:15:     grunt_enter_depths_magical_seal, layout_basic,
          grunt_guarded_unrand_obsidian_axe, uniq_nessos
Lair:1:   layout_roguey, columned_hall_lemuel
Lair:2:   layout_long_grid, nzn_sisyphean_effort, uniq_harold
Lair:3:   gammafunk_cloud_chamber, layout_cellular_growth,
          minmay_shoals_entry_lonely_mermaid
Lair:4:   layout_cave_pods, dummy_spider_entry, grunt_megastairs_2
Lair:5:   layout_big_grid, dpeg_slime_entry_enclosed_altar
Lair:6:   cheibrodos_lair_end_hotspot, layout_regular_city
Orc:1:    layout_caves, okawaru_metal_pillars_1_2
Orc:2:    st_orc_pillars, layout_caves, serial_shops, nicolae_shop_trees,
          uniq_saint_roka

Skill      XL: |  1  2  3  4  5  6  7  8  9 10 11 12 13 14 15 16 |
---------------+-------------------------------------------------+-----
Fighting       | 4 5 6 9 10 13 14 | 14.6
Maces & Flails | 5 6 10 13 | 13.7
Armour         | 3 5 10 11 13 14 15 | 15.0
Transmutations | 1 4 5 12 13 | 13.9
Unarmed Combat | 1 4 5 9 11 12 | 12.1
Spellcasting   | 1 4 |  4.0
Evocations     | 6 8 10 | 10.0
Dodging        | 7 8 |  8.7
Axes           | 7 |  7.0

Action                   |  1- 3 |  4- 6 |  7- 9 | 10-12 | 13-15 | 16-18 || total
-------------------------+-------+-------+-------+-------+-------+-------++-------
Melee: Hand axe          |    82 |    57 |       |       |       |       ||   139
       Punch             |     1 |     1 |     5 |       |       |       ||     7
       Flail             |       |    49 |   286 |       |       |       ||   335
       Quarterstaff      |       |       |    48 |    71 |       |       ||   119
       Dire flail        |       |       |       |   240 |   965 |   102 ||  1307
       Battleaxe         |       |       |       |       |       |   152 ||   152
       Unarmed           |       |       |       |       |       |    11 ||    11
Throw: Dart              |       |       |       |       |       |     1 ||     1
 Cast: Blade Hands       |       |       |       |       |       |     1 ||     1
Evoke: Piece from Xom's  |       |       |     2 |     3 |       |       ||     5
       Wand              |       |       |       |     5 |    13 |     5 ||    23
  Use: Potion            |       |     1 |       |     5 |     9 |     3 ||    18
       Scroll            |       |     1 |    10 |    12 |    12 |     8 ||    43
 Stab: Paralysed         |       |     1 |       |       |       |       ||     1
       Confused          |       |       |     2 |     5 |     9 |       ||    16
       Petrified         |       |       |       |     4 |     5 |       ||     9
       Petrifying        |       |       |       |     1 |     1 |       ||     2
       Distracted        |       |       |       |       |     2 |       ||     2
Armor: Leather armour    |    41 |    35 |       |       |       |       ||    76
       Chain mail        |       |    44 |   212 |       |       |       ||   256
       Plate armour      |       |       |    75 |   223 |   658 |   374 ||  1330
Dodge: Dodged            |    47 |    62 |   118 |    83 |   337 |   163 ||   810

Table legend: (Time is in decaauts)
 A = Elapsed time spent in this place.
 B = Non-inter-level travel time spent in this place.
 C = Inter-level travel time spent in this place.
 D = Time resting spent in this place.
 E = Time spent auto-exploring this place.
 F = Levels seen in this place.
 G = Mean time per level.
                   A        B        C        D        E       F      G
               +--------+--------+--------+--------+--------+-----+--------+
         Total |   9577 |   8715 |    862 |      0 |      0 |  24 |  399.0 |
       Dungeon |   6246 |   5679 |    567 |      0 |      0 |  15 |  416.4 |
          Lair |   2147 |   1878 |    269 |      0 |      0 |   6 |  357.8 |
  Orcish Mines |    820 |    794 |     26 |      0 |      0 |   2 |  410.0 |
         Sewer |    362 |    362 |      0 |      0 |      0 |   1 |  362.0 |
               +--------+--------+--------+--------+--------+-----+--------+

Top non-repeatable levels by time:
  Lair:6: 842 daAuts
    D:11: 702 daAuts
    D:12: 567 daAuts
    D:14: 560 daAuts
   Orc:2: 529 daAuts
    D:10: 526 daAuts
     D:7: 498 daAuts
     D:9: 493 daAuts
     D:1: 416 daAuts
     D:6: 390 daAuts
  Lair:3: 369 daAuts
   Sewer: 362 daAuts
     D:8: 350 daAuts
    D:13: 333 daAuts
     D:2: 314 daAuts
